Map: Submarine LE

Players

Hydra - Winner!

  • Race: Zerg Zerg
  • League: Silver
  • Spawn Location: 5:00

VOD

Have the link to the VOD?

Description

Time

  • Played on: Sept. 30, 2020, 3:04 p.m.
  • Length: 14:49
Show
View Real Time Build Order
Export as new Build Order

Hydra Zerg - Winner!

Build Orders:  

Get SALT Encoding   

  12  0:04  Drone  
  13  0:18  Overlord  
  13  0:24  Drone  
  14  0:38  Extractor  
  14  0:39  Drone  
  6  0:50  Drone  
  15  0:52  Drone  
  17  1:09  Spawning Pool  
  16  1:15  Drone, Extractor  
  16  1:25  Drone  
  17  1:46  Drone  
  18  2:00  Drone  
  18  2:03  Hatchery  
  18  2:07  Drone  
  19  2:24  Zergling x2  
  20  2:34  Queen  
  22  2:41  Overlord  
  22  3:32  Zergling x6  
  25  3:47  Drone  
  26  4:01  Drone x2  
  28  4:58  Metabolic Boost  
  28  5:03  Drone  
  28  5:04  Drone x7  
  36  5:36  Overlord  
  36  5:37  Overlord  
  36  5:54  Extractor  
  36  5:56  Drone  
  36  6:01  Queen  
  38  6:13  Roach Warren  
  37  6:54  Drone  
  37  6:59  Extractor  
  37  7:00  Drone x3  
  37  7:01  Drone x2  
  42  7:11  Extractor  
  41  7:37  Baneling Nest  
  40  7:57  Queen  
  42  8:02  Zergling x2  
  42  8:03  Zergling x10  
  48  9:25  Hatchery  
  47  10:07  Overlord x2  
  47  10:12  Overlord x2  
  47  10:13  Overlord x2  
  43  10:51  Zergling x2  
  43  10:52  Zergling x6  
  44  11:33  Zergling x10  
  44  11:34  Zergling x8  
  53  12:46  Roach  
  53  12:47  Roach x2, Zergling x2  
  53  12:48  Zergling x14  
  67  12:54  Baneling  
  67  12:55  Baneling x22  
  67  12:56  Baneling x10  
  67  13:28  Lair  
Tags
 
League
Silver
Matchup
Co-op
Replay Pack
test
Add a new tag
Caveats
  • Supply blocks, unpowered buildings, or Contaminate may cause inaccurate times.
  • Supply counts are checked every 10 seconds.